 Dungeon Crawl Stone Soup version 0.29.0-11-gd7f09526c8 (webtiles) character file.

Game seed: 17068910958960702515

5898 Zeldest the Cleaver (level 10, -3/84 HPs)
             Began as a Mummy Cinder Acolyte on Sept 4, 2022.
             Was an Initiate of Gozag.
             Slain by a fire elemental (8 damage)
             ... created by the fiery vengeance of Ignis
             ... on level 10 of the Dungeon.
             The game lasted 00:13:02 (13317 turns).

Zeldest the Cleaver (Mummy Cinder Acolyte)         Turns: 13317, Time: 00:13:03

Health: -3/84      AC: 14    Str: 22    XL:     10   Next: 53%
Magic:  12/12      EV:  6    Int: 13    God:    Gozag
Gold:   138        SH:  0    Dex:  8    Spells: 11/11 levels left

rFire   . . .      SeeInvis .   y - +2 war axe
rCold   . . .      Faith    .   (no shield)
rNeg    + + +      Spirit   .   s - +0 plate armour
rPois   ∞          Reflect  .   i - +0 helmet
rElec   .          Harm     .   B - +0 cloak
rCorr   .          Rampage  .   z - +0 pair of gloves
Will    +....                   n - +0 pair of boots
Stlth   ..........              w - amulet of the acrobat
HPRegen 0.24/turn               A - ring of fire
MPRegen 0.13/turn               (no ring)

@: fire susceptible
A: cold resistance 1, negative energy resistance 3, torment resistance 2, heat
vulnerability 1, in touch with death 1, no potions
a: Renounce Religion, Potion Petition, Call Merchant, Bribe Branch


You were on level 10 of the Dungeon.
You worshipped Gozag.
Gozag was aware of your devotion.
You visited 2 branches of the dungeon, and saw 13 of its levels.
You also visited: Sewer.

You collected 647 gold pieces.
You paid 509 gold pieces to Gozag.

Inventory:

Hand Weapons
 a - a -1 hand axe of flaming
 y - a +2 war axe (weapon)
Missiles
 j - a throwing net (quivered)
Armour
 i - a +0 helmet (worn)
 n - a +0 pair of boots (worn)
 s - a +0 plate armour (worn)
 z - a +0 pair of gloves (worn)
 B - a +0 cloak (worn)
Jewellery
 q - a ring of ice
 u - a ring of flight
 w - an amulet of the acrobat (around neck)
 A - a ring of fire (left hand)
 C - an amulet of magic regeneration
 D - the ring "Qaaq" {rPois rCorr Int+8 Dex+3 Stlth-}
   (You found it on level 8 of the Dungeon)

   [ring of poison resistance]

   Int:       It affects your intelligence (+8).
   Dex:       It affects your dexterity (+3).
   rPois:     It protects you from poison.
   rCorr:     It protects you from acid and corrosion.
   Stlth:     It makes you less stealthy.
Wands
 p - a wand of digging (1)
 r - a wand of roots (7)
 x - a wand of polymorph (6)
Scrolls
 c - a scroll of silence
 d - a scroll of enchant armour
 e - 2 scrolls of teleportation
 f - a scroll of amnesia
 g - 3 scrolls of butterflies
 h - a scroll of identify
 k - 2 scrolls of immolation
 m - a scroll of poison
 o - a scroll of summoning
 t - 3 scrolls of vulnerability
 v - a scroll of fear


   Skills:
 + Level 9.7 Fighting
 * Level 11.2 Axes
 - Level 1.3 Spellcasting
 - Level 2.4 Fire Magic


You had 11 spell levels left.
You didn't know any spells.
Your spell library contained the following spells:

 Spells                   Type           Power      Damage    Failure   Level
 Scorch                   Fire           20%        2d6       99%         2
 Summon Small Mammal      Summ           0%         N/A       100%        1
 Blink                    Tloc           0%         N/A       100%        2
 Ensorcelled Hibernation  Hex/Ice        0%         N/A       100%        2
 Passwall                 Tmut/Erth      0%         N/A       100%        2
 Call Canine Familiar     Summ           0%         N/A       100%        3
 Lesser Beckoning         Tloc           0%         N/A       100%        3
 Summon Guardian Golem    Hex/Summ       0%         N/A       100%        3
 Swiftness                Air            0%         N/A       100%        3
 Manifold Assault         Tloc           0%         N/A       100%        5


Dungeon Overview and Level Annotations

Branches:
Dungeon (12/15)            Temple (1/1) D:6            Lair (0/5) D:9
    Orc (0/2) D:9           Sewer (visited)

Altars:
Ashenzari
Cheibriados
Dithmenos
Fedhas
Gozag
Hepliaklqana
Kikubaaqudgha
Makhleb
Nemelex Xobeh
Okawaru
Qazlal
Ru
Sif Muna
Trog
Uskayaw
Vehumet
Wu Jian
Xom
Yredelemnul


Innate Abilities, Weirdness & Mutations

You are immune to poison.
Your flesh is cold resistant. (rC+)
You are immune to negative energy. (rN+++)
You are immune to unholy pain and torment.
You are vulnerable to heat. (rF-)
You are in touch with the powers of death.
You do not drink.


Message History

3 fire elementals come into view.
Found a stone staircase leading up.
The fire elemental misses you.
There is a stone staircase leading up here.
The fire elemental hits you. The fire elemental burns you!
The fire elemental hits you. The fire elemental burns you!
You climb upwards.
Found a leather armour and 17 gold pieces.
There is a stone staircase leading down here.
You closely miss the fire elemental. The fire elemental barely misses you.
You slash the fire elemental!
The fire elemental is moderately damaged.
The fire elemental hits you. The fire elemental burns you!
You closely miss the fire elemental.
The fire elemental is moderately damaged.
The fire elemental barely misses you.
You barely miss the fire elemental.
The fire elemental is moderately damaged.
The fire elemental hits you. The fire elemental burns you!
The fire elemental hits you. The fire elemental burns you!
You closely miss the fire elemental.
The fire elemental is moderately damaged.
The fire elemental closely misses you.
You slash the fire elemental!
The fire elemental is severely damaged.
The fire elemental hits you. The fire elemental burns you!
You hit the fire elemental but do no damage.
The fire elemental is severely damaged.
The fire elemental hits you. The fire elemental burns you!
* * * LOW HITPOINT WARNING * * *
You miss the fire elemental.
The fire elemental is severely damaged.
The fire elemental hits you. The fire elemental burns you!
* * * LOW HITPOINT WARNING * * *
The fire elemental hits you. The fire elemental burns you!
* * * LOW HITPOINT WARNING * * *
As you read the scroll of summoning, it crumbles to dust.
Wisps of shadow whirl around you... The fire elemental hits you.
The fire elemental burns you!
You die...
Your body crumbles into a pile of gold.

#######+###
#.oooh.x..#
#..o..E..[#
#.Y..@....#
#..YYY....+
#...Y.....#
#.....Y...#
##+########


You could see a fire elemental (ally target), 6 friendly yaks, a friendly unseen
horror (summoned, invisible), a friendly orc warrior (summoned), a friendly
howler monkey (summoned), a friendly orc priest (summoned), a friendly orc
wizard (summoned) and a friendly orc (summoned).

Vanquished Creatures
  A two-headed ogre (D:8)
  Maurice (D:8)
  Psyche (D:8)
  A troll (D:8)
  A hornet (D:6)
  4 fire elementals
  3 yaks (D:10)
  4 vampire mosquitoes (D:10)
  A steam dragon (D:9)
  An acid dragon (D:8)
  2 ice beasts
  Pargi (Sewer)
  An ogre (D:6)
  A black bear (D:5)
  2 centaurs
  A phantom (D:6)
  2 kobold brigands
  7 bullfrogs
  2 necrophages
  3 scorpions
  13 wights
  5 killer bees (D:9)
  A howler monkey (D:10)
  5 hounds
  3 jellies
  2 gnoll boudas
  3 orc wizards
  12 gnolls
  4 adders
  4 white imps
  An ufetubus (D:6)
  A worm (D:3)
  A dart slug (D:3)
  13 orcs
  5 bats
  6 endoplasms
  7 giant cockroaches
  3 hobgoblins
  6 quokkas
  3 ball pythons
  2 frilled lizards
  8 goblins
  18 kobolds
  3 rats (D:1)
169 creatures vanquished.

Vanquished Creatures (others)
  16 foxfires (D:8)
  2 fungi (D:9)
  3 plants
21 creatures vanquished.

Grand Total: 190 creatures vanquished

Notes
Turn   | Place    | Note
-------+----------+-------------------------------------------
     0 | D:1      | Zeldest the Mummy Cinder Acolyte began the quest for the
                  | Orb.
     0 | D:1      | Reached XP level 1. HP: 18/18 MP: 2/2
   113 | D:1      | Reached XP level 2. HP: 22/24 MP: 4/4
   441 | D:1      | You fall into a shaft and drop 1 floor!
   450 | D:2      | Reached skill level 3 in Axes
   521 | D:2      | Found an iron altar of Okawaru.
  1195 | D:2      | Found a faded altar of an unknown god.
  1609 | D:3      | Gained mutation: You are in touch with the powers of death.
                  | [Mummy growth]
  1609 | D:3      | Reached XP level 3. HP: 21/29 MP: 5/5
  2095 | D:3      | Found a glowing drain.
  2121 | D:3      | Reached XP level 4. HP: 5/37 MP: 6/6
  2129 | Sewer    | Entered a sewer
  2442 | Sewer    | Noticed Pargi
  2452 | Sewer    | Killed Pargi
  2453 | Sewer    | Reached skill level 4 in Axes
  2453 | Sewer    | Reached XP level 5. HP: 28/42 MP: 7/7
  3206 | D:4      | Reached XP level 6. HP: 17/49 MP: 8/8
  3510 | D:5      | Entered Level 5 of the Dungeon
  4040 | D:4      | Reached skill level 5 in Axes
  4891 | D:5      | Reached skill level 5 in Fighting
  5249 | D:5      | Reached XP level 7. HP: 47/56 MP: 9/9
  5787 | D:5      | Reached skill level 6 in Axes
  6538 | D:6      | Reached XP level 8. HP: 45/64 MP: 10/10
  6539 | D:6      | Noticed a hornet
  6550 | D:6      | Killed a hornet
  6551 | D:6      | Reached skill level 7 in Axes
  7458 | D:6      | Found a staircase to the Ecumenical Temple.
  7647 | Temple   | Entered the Ecumenical Temple
  7647 | Temple   | Found a transporter.
  7647 | Temple   | Found a transporter.
  7649 | Temple   | Found a transporter.
  7649 | Temple   | Found a transporter.
  7827 | D:7      | Reached skill level 8 in Axes
  8234 | D:7      | Reached XP level 9. HP: 59/72 MP: 11/11
  8567 | D:7      | Reached skill level 9 in Axes
  9088 | D:8      | Noticed a troll
  9094 | D:8      | Killed a troll
  9107 | D:8      | Noticed a two-headed ogre
  9114 | D:8      | Killed a two-headed ogre
  9115 | D:8      | Reached skill level 10 in Axes
  9597 | D:8      | Noticed Maurice
  9620 | D:8      | Killed Maurice
  9621 | D:8      | Reached XP level 10. HP: 77/82 MP: 12/12
  9763 | D:8      | Noticed Psyche
  9772 | D:8      | Killed Psyche
  9959 | D:8      | Identified the ring "Qaaq" {rPois rCorr Int+8 Dex+3 Stlth-}
  9965 | D:8      | Found a sparkling altar of Nemelex Xobeh.
  9965 | D:8      | Found a blossoming altar of Fedhas.
  9974 | D:8      | Found a stormy altar of Qazlal.
  9985 | D:8      | Found an opulent altar of Gozag.
  9989 | D:8      | Found a shadowy altar of Dithmenos.
 10059 | D:8      | Fell from the grace of Ignis
 10059 | D:8      | Became a worshipper of Gozag Ym Sagoz the Greedy
 10103 | D:9      | Found a staircase to the Orcish Mines.
 10475 | D:9      | Found a staircase to the Lair.
 10820 | D:8      | HP: 2/83 [fire elemental[the fiery vengeance of Ignis]
                  | (10)]
 11621 | D:10     | Entered Level 10 of the Dungeon
 11896 | D:10     | HP: 2/83 [fire elemental[the fiery vengeance of Ignis]
                  | (10)]
 12628 | D:10     | Reached skill level 11 in Axes
 12957 | D:10     | You fall into a shaft and drop 2 floors!
 13317 | D:10     | Slain by a fire elemental

Illustrated notes

Levels and vault maps discovered:
D:1:      dpeg_arrival_shelter, layout_loops_ring, lemuel_old_faithful
D:2:      layout_basic, basic_altar, shapermc_ecumenical_altar_acropolis
D:3:      layout_basic, portal_sewer_entry_f, interstate_on_off
D:4:      corexii_shack_village, layout_rooms
D:5:      layout_loops_ring
D:6:      layout_loops_corners, minmay_temple_entry_fiery
D:7:      layout_gridville, nrook_mini_vaults
D:8:      layout_basic, minmay_overflow_temple_star_hex, minmay_misc_feat_roman,
          uniq_psyche, uniq_maurice
D:9:      layout_stronghold, dpeg_oklobed_lair, orc_0_dummy
D:10:     layout_roguey
D:11:     nicolae_cairo_tiling, layout_stronghold, uniq_josephine
D:12:     layout_roguey, portal_ice_cave_entry_pillars_2
Temple:   hellmonk_temple_divided_pantheon

Skill      XL: |  1  2  3  4  5  6  7  8  9 10 |
---------------+-------------------------------+-----
Axes           | 3 4 5 6 8 10 11 | 11.2
Fighting       | 4 5 6 7 8 9 |  9.7
Spellcasting   | |  1.3
Fire Magic     | |  2.4

Action                   |  1- 3 |  4- 6 |  7- 9 | 10-12 || total
-------------------------+-------+-------+-------+-------++-------
Melee: Hand axe          |   115 |   173 |    81 |       ||   369
       Punch             |     2 |     3 |     3 |     2 ||    10
       War axe           |       |       |   227 |   138 ||   365
Invok: Fiery Armour      |     1 |     2 |     2 |       ||     5
       Foxfire Swarm     |       |       |     1 |       ||     1
       Potion Petition   |       |       |       |     1 ||     1
Evoke: Wand              |       |       |     5 |     1 ||     6
  Use: Scroll            |       |       |       |    16 ||    16
Armor: Robe              |    14 |       |       |       ||    14
       Ring mail         |    37 |     2 |       |       ||    39
       Scale mail        |       |    97 |    22 |       ||   119
       Plate armour      |       |       |   189 |   117 ||   306
Dodge: Dodged            |    57 |    90 |   123 |    74 ||   344
